AoeStats
← jl_alvarez87

Black Forest

506174263Analyzed
1v1 RM · 20d ago on Sep 12, 2026· 52m 1s· 2 players
Game mode
Random Map
Map size
Tiny (2 player)
Population
200
Speed
Normal
Resources
Standard
Victory
Conquest
Starting age
Dark Age
Ending age
Imperial Age
RankedLock teamsTeams togetherTeam positionsShared explorationLock speedFull tech treeHidden civsTurbo modeCheats
Victory
Defeat
🇪🇸 Mongols · Spain
781
+15
🇨🇱 Goths · Chile
763
-15
Tukuu
0:50 Loom
24:06 Feudal Age
26:53 Man-at-Arms
39:45 Castle Age
42:33 Fletching
46:24 Horse Collar
47:37 Pikeman
51:04 Anarchy
jl_alvarez87
2:32 Loom
22:47 Feudal Age
23:22 Double-Bit Axe
23:19 Horse Collar
30:38 Castle Age
32:10 Gold Mining
32:11 Stone Mining
32:24 Heavy Plow
32:37 Bow Saw
35:34 Wheelbarrow
34:45 Town Watch
40:39 Hand Cart
43:41 Imperial Age
41:36 Husbandry
42:50 Bloodlines
47:35 Town Patrol
50:46 Fletching
50:57 Padded Archer Armor
51:08 Forging
51:05 Scale Barding Armor
50:27 Elite Steppe Lancer
Connection lost

Rejoining the realm…

Still unreachable

The connection could not be restored.

Session expired

The server has moved on; the page needs a fresh start.